 Dungeon Crawl Stone Soup version 0.30-a0-1112-gfb780f5df6 (webtiles) character file.

Game seed: 17262925934002031570

21 voltaire321 the Digger (level 2, 0/18 HPs)
             Began as an Octopode Earth Elementalist on Apr 19, 2023.
             Slain by a goblin
             ... wielding a +0 club
             ... led by Robin
              (6 damage)
             ... on level 2 of the Dungeon.
             The game lasted 00:03:53 (1648 turns).

voltaire321 the Digger (OpEE)                       Turns: 1648, Time: 00:03:54

Health: 0/18       AC:  1    Str:  7    XL:     2   Next: 83%
Magic:  4/5        EV: 13    Int: 17    God:
Gold:   77         SH:  0    Dex: 12    Spells: 2/5 levels left

rFire   . . .      SeeInvis .    e - +0 rapier
rCold   . . .      Faith    .    (no shield)
rNeg    . . .      Spirit   .    (helmet restricted)
rPois   .          Reflect  .    (no amulet)
rElec   .          Rampage  .    (no ring)
rCorr   .                        (no ring)
Will    .....                    (no ring)
Stlth   +++                      (no ring)
HPRegen 0.23/turn                (no ring)
MPRegen 0.09/turn                (no ring)
                                 (no ring)
                                 (no ring)

@: no status effects
A: almost no armour, amphibious, 8 rings, camouflage 1, gelatinous body 1,
(nimble swimmer 1), tentacles
a: no special abilities


You were on level 2 of the Dungeon.
You visited 1 branch of the dungeon, and saw 2 of its levels.

You collected 77 gold pieces.

Inventory:

Hand Weapons
 e - a +0 rapier (weapon)
 i - a +0 scimitar
Scrolls
 c - a scroll of fog {unknown}
 d - 2 scrolls of brand weapon {unknown}
 f - 4 scrolls of identify {unknown}
 h - a scroll of teleportation {unknown}
Potions
 a - a potion of magic
 b - a potion of attraction {unknown}
 g - a potion of degeneration {unknown}
 j - a potion of haste {unknown}


   Skills:
 + Level 0.7 Fighting
 + Level 2.2 Dodging
 + Level 3.0 Stealth
 + Level 2.2 Spellcasting
 + Level 1.3 Transmutations
 + Level 3.1 Earth Magic


You had 2 spell levels left.
You knew the following spells:

 Your Spells              Type           Power      Damage    Failure   Level
a - Sandblast             Erth           24%        2d8       5%          1
b - Passwall              Tmut/Erth      7%         N/A       12%         2

Your spell library contained the following spells:

 Spells                   Type           Power      Damage    Failure   Level
 Cigotuvi's Dreadful Rot  Necr/Pois/Air  2%         N/A       28%         2
 Ensorcelled Hibernation  Hex/Ice        2%         N/A       28%         2
 Stone Arrow              Conj/Erth      14%        3d7       30%         3
 Spider Form              Tmut/Pois      4%         N/A       41%         3
 Petrify                  Tmut/Erth      9%         N/A       58%         4
 Anguish                  Hex/Necr       0%         N/A       88%         4
 Dispel Undead            Necr           1%         3d6       88%         4
 Death Channel            Necr           0%         N/A       100%        6


Dungeon Overview and Level Annotations

Branches:
Dungeon (2/15)

Altars:

Annotations:
D:2 Robin, Sigmund


Innate Abilities, Weirdness & Mutations

You cannot wear most types of armour.
You are amphibious.
You can wear up to eight rings at the same time.
Your skin changes colour to match your surroundings (Stealth+).
Your rubbery body absorbs attacks. (AC +1, EV +1)
((You are camouflaged when in or above water. (Stealth+)))
You have tentacles for arms and can constrict up to eight enemies at once.


Message History

Aiming: Sandblast (safe; 5% risk of failure)
Press: ? - help, Q - select action, (/) - cycle Shift-Dir - straight line, f - endoplasm
Aim: an endoplasm (98% to hit)
The blast of sand hits the endoplasm!
You kill the endoplasm!
Found a short sword.
You see here a +0 short sword.
There is a stone staircase leading down here.
You see here a +0 scimitar.
i - a +0 scimitar You open the door.
You open the door.
There is an open door here.
Found a stone staircase leading down.
Found an amethyst potion.
j - an amethyst potion You see here a +0 robe.
A goblin comes into view. It is wielding a +0 club.
A goblin comes into view. It is wielding a +0 dagger.
A goblin comes into view. It is wielding a +0 dagger.
Robin of the Strong Arm comes into view.
They are wielding a +0 spear.
The goblin shouts!
You hear a shout!
Robin shouts!
Aiming: Sandblast (safe; 5% risk of failure)
Press: ? - help, Q - select action, (/) - cycle Shift-Dir - straight line, f - goblin
Aim: a goblin, wielding a +0 club (wandering, hasn't noticed you, 77% to hit)
The blast of sand misses the goblin.
The goblin shouts!
The goblin shouts!
Robin roars a battlecry!
The goblins go into a battle-frenzy!
A goblin comes into view. It is wielding a +0 club.
You hear a shout! x2
The goblin unwields a +0 dagger.
The goblin wields a +0 sling.
The goblin shoots a sling bullet.
The sling bullet misses you. Robin throws the goblin at you!
The goblin hits you with a +0 club. The goblin hits you with a +0 club.
The goblin shoots a sling bullet.
The sling bullet hits you. The goblin attacks as you move away!
The goblin completely misses you. The goblin attacks as you move away!
The goblin hits you with a +0 club.
You die...

#......# #.#
#.###### #.#
#.#.###### #.#
#......... #.#
#...###### # #.#
#.........
#.###.#
#...##....
####gg...########
#...##....
g.....g..gg@....#
######....
###############.#
#.... #.#
#####.... #.#
#...#.รท.. #.#
#...#.... #####.#
#...##### ...#.#
#...#
###.#.####...##
#.............#


You could see Robin and 4 goblins.

Vanquished Creatures
  A ball python (D:1)
  3 endoplasms
  3 giant cockroaches
  A goblin (D:1)
  A hobgoblin (D:2)
  4 bats
  3 frilled lizards
  4 rats
20 creatures vanquished.

Notes
Turn   | Place    | Note
-------+----------+-------------------------------------------
     0 | D:1      | voltaire321 the Octopode Earth Elementalist began the quest
                  | for the Orb.
     0 | D:1      | Reached XP level 1. HP: 11/11 MP: 3/3
   433 | D:1      | Reached XP level 2. HP: 18/18 MP: 3/5
   950 | D:1      | Learned a level 2 spell: Passwall
  1157 | D:2      | Noticed Sigmund
  1642 | D:2      | Noticed Robin
  1648 | D:2      | Slain by a goblin

Illustrated notes

Levels and vault maps discovered:
D:1:      matt_arrival_spirals, layout_basic
D:2:      layout_basic, grunt_ministairs_13, uniq_sigmund, uniq_robin

Skill      XL: |  1  2 |
---------------+-------+-----
Stealth        | 3 |  3.0
Fighting       | |  0.7
Dodging        | |  2.2
Spellcasting   | |  2.2
Transmutations | |  1.3
Earth Magic    | |  3.1

Action                     || total
---------------------------++-------
  Melee: Unarmed           ||     1
         Constrict         ||     1
   Cast: Sandblast         ||    23
   Stab: Sleeping          ||     1
  Dodge: Dodged            ||     3

Table legend: (Time is in decaauts)
 A = Elapsed time spent in this place.
 B = Non-inter-level travel time spent in this place.
 C = Inter-level travel time spent in this place.
 D = Time resting spent in this place.
 E = Time spent auto-exploring this place.
 F = Levels seen in this place.
 G = Mean time per level.
                   A        B        C        D        E       F      G
               +--------+--------+--------+--------+--------+-----+--------+
         Total |   1659 |   1507 |    152 |      0 |   1064 |   2 |  829.5 |
       Dungeon |   1659 |   1507 |    152 |      0 |   1064 |   2 |  829.5 |
               +--------+--------+--------+--------+--------+-----+--------+

Top non-repeatable levels by time:
     D:1: 1001 daAuts
     D:2: 658 daAuts
